 Dungeon Crawl Stone Soup version 0.30.0-15-g856e2d3f33 (console) character file.

Game seed: 6319415214876715226

70486 Mandevil the Tortoise (level 14, 0/126 (136) HPs)
             Began as a Minotaur Berserker on May 18, 2023.
             Was the Champion of Trog.
             Drowned by a quicksilver ooze (15 damage)
             ... in an ice cave.
             The game lasted 00:46:17 (18418 turns).

Mandevil the Tortoise (Minotaur Berserker)         Turns: 18418, Time: 00:46:17

HP:   0/126 (136)   AC: 26    Str: 31    XL:     14   Next: 94%
MP:   0/13          EV: 15    Int:  4    God:    Trog [******]
Gold: 1709          SH:  0    Dex: 12    Spells: 13/13 levels left

rFire   . . .        b - +3 executioner's axe (heavy)
rCold   + + .        (shield currently unavailable)
rNeg    . . .        M - +0 ice dragon scales
rPois   .            (helmet restricted)
rElec   .            B - +2 cloak
rCorr   .            P - +1 pair of gloves
SInv    .            T - +1 pair of boots
Will    +....        J - amulet of regeneration Stlth
                     q - +6 ring of strength
HPRegen 1.21/turn    l - ring of protection from fire
MPRegen 0.13/turn

%: no passive effects
@: engulfed (cannot breathe), studying Armour, drained
A: horns 2, retaliatory headbutt
a: Renounce Religion, Berserk, Trog's Hand, Brothers in Arms


You were in an ice cave.
You worshipped Trog.
Trog was exalted by your worship.
You visited 3 branches of the dungeon, and saw 19 of its levels.
You also visited: Ice Cave.

You collected 2027 gold pieces.
You spent 318 gold pieces at shops.

Inventory:

Hand Weapons
 a - the +4 hand axe of the Shimmering Augurer {freeze, rC+}
   (You found it on level 9 of the Dungeon)

   rC:        It protects you from cold.
 b - a +3 heavy executioner's axe (weapon)
 E - a +4 battleaxe
 W - a +1 demon whip of venom
 Y - the +3 war axe "Fauduch" {heavy, Will+ Str-2 Int+3}
   (You bought it in a shop on level 2 of the Orcish Mines)

   Str:       It affects your strength (-2).
   Int:       It affects your intelligence (+3).
   Will:      It increases your willpower.
Missiles
 f - 2 javelins
 n - 8 curare-tipped darts
 p - 5 atropa-tipped darts
 y - 21 poisoned darts (quivered)
 L - a throwing net
 N - 2 boomerangs
Armour
 w - a +0 scale mail of positive energy
 B - a +2 cloak (worn)
 I - a +3 leather armour of poison resistance
 M - +0 ice dragon scales (worn)
 P - a +1 pair of gloves (worn)
 T - a +1 pair of boots (worn)
 V - the +1 chain mail "Hynwid" {Drain rN+++ Regen+ Str-2}
   (You found it on level 5 of the Lair of Beasts)

   Str:       It affects your strength (-2).
   rN:        It renders you almost immune to negative energy.
   Regen:     It increases your rate of health regeneration.
   Drain:     It drains your maximum health when unequipped.
Jewellery
 l - a ring of protection from fire (right hand)
 m - a ring of resist corrosion
 q - a +6 ring of strength (left hand)
 J - an amulet of regeneration (around neck)
 K - a ring of see invisible
 Q - an amulet of guardian spirit
 U - a ring of ice
Wands
 r - a wand of roots (13)
 t - a wand of digging (8)
 A - a wand of mindburst (13)
 C - a wand of charming (12)
Scrolls
 c - 6 scrolls of fog
 g - 3 scrolls of teleportation
 u - 2 scrolls of poison
 v - 3 scrolls of vulnerability
 x - 4 scrolls of fear
 z - 2 scrolls of summoning
 F - 2 scrolls of identify
 O - 5 scrolls of blinking
 S - 2 scrolls of magic mapping
Potions
 d - 5 potions of heal wounds
 e - 4 potions of attraction
 h - 3 potions of mutation
 i - 4 potions of cancellation
 j - 3 potions of haste
 k - 3 potions of invisibility
 o - 2 potions of flight
 s - 5 potions of lignification
 D - 7 potions of curing
 G - a potion of resistance
 H - a potion of ambrosia
 X - a potion of magic
Miscellaneous
 R - a box of beasts


   Skills:
 + Level 15.9 Fighting
 + Level 17.6 Axes
 + Level 18.5 Armour
 - Level 11.0 Dodging
 + Level 8.0 Evocations


You had 13 spell levels left.
You didn't know any spells.
Your spell library was empty.

Dungeon Overview and Level Annotations

Branches:
Dungeon (12/15)            Temple (0/1) D:7            Lair (5/5) D:9
  Swamp (0/4) Lair:2       Spider (0/4) Lair:3        Slime (0/5) Lair:4
    Orc (2/2) D:11            Elf (0/3) Orc:2         IceCv (1/1)

Altars:
Cheibriados
Elyvilon
Gozag
Kikubaaqudgha
Nemelex Xobeh
Okawaru
Sif Muna
Uskayaw
Vehumet
Wu Jian
Xom
The Shining One
Jiyva

Shops:
D:7 ?   Orc:1 ?   Orc:2 (([*=

Portals:
Abyss: Lair:2

Annotations:
Lair:2 2 transporters, alexxx's ghost, novice FeSu


Innate Abilities, Weirdness & Mutations

You have a pair of horns on your head.
You reflexively headbutt those who attack you in melee.


Message History

The quicksilver ooze hits you.
* * * LOW HITPOINT WARNING * * *
The quicksilver ooze closely misses you.
You hit the quicksilver ooze.
The quicksilver ooze is lightly wounded.
* * * LOW HITPOINT WARNING * * *
Your lungs strain for air!
The quicksilver ooze hits you. The quicksilver ooze hits you!
* * * LOW HITPOINT WARNING * * *
You feel your power leaking away. The quicksilver ooze hits you.
The quicksilver ooze hits you but does no damage.
The quicksilver ooze hits you. The quicksilver ooze misses you.
Unknown command.
Unknown command.
You cannot read scrolls while unable to breathe!
Aiming: Charm
Press: ? - help, Shift-Dir - straight line, f - you
Okay, then.
Unknown command.
Unknown command.
Press: ? - help, v - describe, . - travel
Here: a quicksilver ooze The floor.
Unknown command.
Unknown command.
You feel much better.
* * * LOW HITPOINT WARNING * * *
Your lungs strain for air!
The quicksilver ooze hits you.
* * * LOW HITPOINT WARNING * * *
The quicksilver ooze hits you but does no damage.
Press: ? - help, v - describe, . - travel
Here: a quicksilver ooze The floor.
Unknown command.
Okay, then.
Unknown command.
You barely miss the quicksilver ooze.
You die...

#..####....##..##.##..
#..##.##.........).##.
#..#...#...##...#)).#.
#......##..##...##..##
#......##..##....#..##
#......##..####..##..#
#......##..# #...#..#
##..##.##..# ##..##..
#.##H.##..## #..##..
####J.###..# ##..#...
...# #..###..##..#
#.... #...##..##..#
.....##...#...##.##
.......#......##..#.
#.......##....##...#.
...#.#...#....#...##.
##..##...#..


You could see a quicksilver ooze.

Vanquished Creatures
  2 orc warlords
  A quicksilver ooze (IceCv)
  Snorg (D:11)
  8 hydras
  Fannar (Orc:1)
  Erica (Lair:1)
  6 two-headed ogres
  5 death yaks
  5 orc high priests
  A deep elf knight (Orc:1)
  Sonja (D:11)
  Nergalle (Orc:1)
  3 skysharks
  Amaemon (Lair:1)
  3 orc knights (Orc:2)
  A deep elf zephyrmancer (Orc:1)
  Pikel (D:7)
  A necromancer (D:10)
  An oklob plant (Lair:3)
  5 orc sorcerers
  A manticore (D:11)
  4 elephants (Lair:5)
  2 ice statues (IceCv)
  An orange demon (Lair:1)
  Joseph (D:7)
  13 cane toads
  4 unseen horrors
  4 rime drakes
  6 komodo dragons
  2 ice devils (D:12)
  4 trolls
  3 polar bears
  9 blink frogs
  6 hornets (Lair:5)
  A tyrant leech (Lair:2)
  8 dream sheep (Lair:5)
  2 culicivoras (Lair:3)
  14 slime creatures
  3 jumping spiders (Lair:3)
  2 shadows
  Sigmund (D:6)
  12 spriggans (Lair:5)
  A wraith (D:12)
  A basilisk (Lair:2)
  2 wyverns
  35 yaks
  A steam dragon (D:9)
  4 redbacks (Lair:3)
  3 swamp worms (Lair:2)
  4 wargs (Orc:1)
  2 acid dragons
  10 water moccasins
  Duvessa (D:4)
  2 ice beasts (D:6)
  32 orc warriors
  2 great orb of eyes simulacra (IceCv)
  10 ogres
  8 black bears
  2 boggarts (Lair:5)
  24 wolves
  2 phantoms (D:6)
  8 centaurs
  2 lemures (D:7)
  3 slime creature simulacra (IceCv)
  2 kobold brigands
  8 bullfrogs
  3 glowing shapeshifter simulacra (IceCv)
  A scorpion (D:4)
  9 wights
  Dowan (D:4)
  16 killer bees
  5 electric eels
  4 howler monkeys
  7 hounds
  8 jellies
  Crazy Yiuf (D:3)
  28 orc priests
  A gnoll bouda (D:9)
  Ijyb (D:3)
  Terence (D:3)
  29 orc wizards
  4 iguanas
  5 shapeshifter simulacra (IceCv)
  3 polar bear simulacra (D:10)
  2 wolf simulacra (D:10)
  9 gnolls
  8 adders
  A shadow imp (D:7)
  An ufetubus (D:7)
  2 worms
  3 dart slugs
  81 orcs
  4 endoplasms
  4 giant cockroaches
  6 goblins
  12 hobgoblins
  3 jackals (D:4)
  6 quokkas
  15 ball pythons
  10 bats
  6 frilled lizards
  16 kobolds
  10 rats
  4 river rat simulacra (D:10)
651 creatures vanquished.

Vanquished Creatures (others)
  2 orc warriors (Orc:2)
  A boggart (Lair:5)
  An orc wizard (Orc:2)
4 creatures vanquished.

Grand Total: 655 creatures vanquished

Notes
Turn   | Place    | Note
-------+----------+-------------------------------------------
     0 | D:1      | Mandevil the Minotaur Berserker began the quest for the
                  | Orb.
     0 | D:1      | Reached XP level 1. HP: 19/19 MP: 0/0
   235 | D:1      | Reached XP level 2. HP: 27/27 MP: 1/1
   497 | D:1      | Reached ** piety under Trog
   785 | D:1      | Reached XP level 3. HP: 33/33 MP: 2/2
   865 | D:2      | Reached skill level 3 in Armour
  1143 | D:2      | Reached XP level 4. HP: 40/40 MP: 3/3
  1811 | D:3      | Noticed Terence
  1816 | D:3      | Killed Terence
  1817 | D:3      | Reached skill level 5 in Axes
  1867 | D:3      | Reached *** piety under Trog
  1868 | D:3      | Reached XP level 5. HP: 41/47 MP: 4/4
  2149 | D:3      | Found a runed translucent door.
  2150 | D:3      | Noticed Crazy Yiuf
  2202 | D:3      | Noticed Ijyb
  2217 | D:3      | Killed Ijyb
  2469 | D:3      | Killed Crazy Yiuf
  2530 | D:4      | Noticed Duvessa
  2530 | D:4      | Noticed Dowan
  2593 | D:4      | Killed Duvessa
  2594 | D:4      | Reached skill level 5 in Fighting
  2594 | D:4      | Reached skill level 4 in Armour
  2594 | D:4      | Reached XP level 6. HP: 56/56 MP: 5/5
  2657 | D:4      | Killed Dowan
  2820 | D:4      | Reached XP level 7. HP: 28/61 MP: 6/6
  3235 | D:4      | Reached skill level 5 in Armour
  3600 | D:5      | Entered Level 5 of the Dungeon
  4025 | D:5      | Found a radiant altar of Vehumet.
  4468 | D:6      | Reached skill level 5 in Dodging
  4468 | D:6      | Reached XP level 8. HP: 70/70 MP: 7/7
  4621 | D:6      | Reached **** piety under Trog
  4638 | D:6      | Reached skill level 6 in Armour
  4890 | D:6      | Found a snail-covered altar of Cheibriados.
  4905 | D:6      | Found an opulent altar of Gozag.
  4905 | D:6      | Found an ancient bone altar of Kikubaaqudgha.
  4976 | D:6      | Noticed Sigmund
  4985 | D:6      | Killed Sigmund
  5093 | D:6      | Reached XP level 9. HP: 79/79 MP: 8/8
  5193 | D:7      | Found a hide-covered altar of Uskayaw.
  5425 | D:7      | Found a staircase to the Ecumenical Temple.
  5427 | D:7      | Noticed Joseph
  5455 | D:7      | Killed Joseph
  5456 | D:7      | Reached skill level 10 in Axes
  5456 | D:7      | Reached skill level 7 in Armour
  5940 | D:7      | Noticed Pikel
  5950 | D:7      | Killed Pikel
  6017 | D:7      | Found a glowing golden altar of the Shining One.
  6046 | D:7      | Found a shimmering altar of Xom.
  6080 | D:7      | Found Fabej's Magic Scroll Boutique.
  6389 | D:7      | Found a white marble altar of Elyvilon.
  6457 | D:8      | Reached skill level 8 in Armour
  6512 | D:8      | Reached XP level 10. HP: 90/90 MP: 9/9
  6710 | D:8      | Found an ornate altar of the Wu Jian Council.
  6790 | D:8      | Found an iron altar of Okawaru.
  6892 | D:8      | Found a sparkling altar of Nemelex Xobeh.
  7112 | D:9      | Reached skill level 9 in Armour
  7212 | D:9      | Reached ***** piety under Trog
  7252 | D:9      | Identified the +4 hand axe of the Shimmering Augurer
                  | {freeze, rC+}
  7260 | D:9      | Noticed a two-headed ogre
  7272 | D:9      | Killed a two-headed ogre
  7299 | D:9      | Noticed a two-headed ogre
  7389 | D:9      | Found a staircase to the Lair.
  7735 | D:9      | Killed a two-headed ogre
  7736 | D:9      | Reached skill level 10 in Fighting
  7736 | D:9      | Reached XP level 11. HP: 99/99 MP: 10/10
  7920 | D:10     | Entered Level 10 of the Dungeon
  8035 | D:10     | Found a shimmering blue altar of Sif Muna.
  8039 | D:10     | Noticed a two-headed ogre
  8054 | D:10     | Killed a two-headed ogre
  8096 | D:10     | Identified the +7 dagger of the Owl {heavy, rPois}
  8267 | D:10     | Reached skill level 10 in Armour
  8585 | D:10     | Noticed a necromancer
  8597 | D:10     | Killed a necromancer
  8861 | D:11     | Noticed Sonja
  8867 | D:11     | Killed Sonja
  9501 | D:11     | Noticed a two-headed ogre
  9514 | D:11     | Killed a two-headed ogre
  9555 | D:11     | Found a staircase to the Orcish Mines.
  9661 | D:11     | Noticed Snorg
  9669 | D:11     | Killed Snorg
  9670 | D:11     | Reached skill level 15 in Axes
  9788 | D:11     | Noticed a two-headed ogre
  9797 | D:11     | Killed a two-headed ogre
  9798 | D:11     | Reached skill level 10 in Dodging
  9798 | D:11     | Reached XP level 12. HP: 69/110 MP: 11/11
 10590 | Lair:1   | Entered Level 1 of the Lair of Beasts
 10693 | Lair:1   | Reached skill level 11 in Armour
 10978 | Lair:1   | Noticed Amaemon
 11004 | Lair:1   | Killed Amaemon
 11104 | Lair:1   | Identified the +0 leather armour of Zoethrar {rF+ Str-4
                  | Dex+4}
 11113 | Lair:1   | Noticed Erica
 11129 | Lair:1   | Killed Erica
 11421 | Lair:2   | Found a transporter.
 11565 | Lair:2   | Found a one-way gate to the infinite horrors of the Abyss.
 11565 | Lair:2   | Noticed alexxx's ghost (novice FeSu)
 11588 | Lair:2   | Found a transporter.
 11971 | Lair:2   | Noticed a five-headed hydra
 11982 | Lair:2   | Killed a five-headed hydra
 12043 | Lair:2   | Noticed a seven-headed hydra
 12063 | Lair:2   | Killed a seven-headed hydra
 12115 | Lair:2   | Reached skill level 12 in Armour
 12134 | Lair:2   | Identified a scroll of acquirement
 12134 | Lair:2   | Acquired a manual of Armour
 12210 | Lair:2   | Found a staircase to the Swamp.
 12610 | Lair:3   | Received a gift from Trog
 12680 | Lair:3   | Found a hole to the Spider Nest.
 12703 | Lair:3   | Reached skill level 1 in Evocations
 12703 | Lair:3   | Reached XP level 13. HP: 119/119 MP: 12/12
 13339 | Lair:3   | Reached skill level 13 in Armour
 13354 | Lair:4   | Found a staircase to the Slime Pits.
 13612 | Lair:4   | Found a viscous altar of Jiyva.
 14162 | Lair:5   | Entered Level 5 of the Lair of Beasts
 14248 | Lair:5   | Reached skill level 14 in Armour
 14717 | Lair:5   | Reached skill level 15 in Armour
 14807 | Lair:5   | Reached skill level 5 in Evocations
 15039 | Lair:5   | Received a gift from Trog
 15246 | Lair:5   | Identified the +1 chain mail "Hynwid" {Drain rN+++ Regen+
                  | Str-2}
 15299 | Lair:5   | Reached skill level 16 in Armour
 15358 | Lair:5   | Reached XP level 14. HP: 105/133 MP: 13/13
 15556 | Lair:5   | Identified the +0 leather armour "Cueh" {Str+6}
 16016 | Orc:1    | Entered Level 1 of the Orcish Mines
 16045 | Orc:1    | Noticed Fannar
 16065 | Orc:1    | Killed Fannar
 16136 | Orc:2    | Entered Level 2 of the Orcish Mines
 16247 | Orc:2    | Found Lijomp's Antique Weapon Shoppe.
 16269 | Orc:2    | Bought a jewelled war axe for 246 gold pieces
 16269 | Orc:2    | Identified the +3 war axe "Fauduch" {heavy, Will+ Str-2
                  | Int+3} (You bought it in a shop on level 2 of the Orcish
                  | Mines)
 16313 | Orc:2    | Found a staircase to the Elven Halls.
 16341 | Orc:2    | Reached skill level 15 in Fighting
 16385 | Orc:1    | Noticed Nergalle
 16426 | Orc:1    | Killed Nergalle
 16427 | Orc:1    | Reached skill level 17 in Armour
 16438 | Orc:1    | Received a gift from Trog
 16538 | Orc:1    | Found Fudoesu's Magic Scroll Shop.
 16768 | Orc:1    | Identified the +1 chain mail of Leapfrog {Fly Regen+}
 16773 | Orc:1    | Noticed an orc warlord
 16787 | Orc:1    | Killed an orc warlord
 16956 | Orc:1    | Bought a scroll of identify for 36 gold pieces
 16956 | Orc:1    | Bought a scroll of identify for 36 gold pieces
 17126 | Orc:2    | Noticed an orc warlord
 17389 | Orc:2    | Killed an orc warlord
 17410 | Orc:2    | Reached skill level 18 in Armour
 17684 | Orc:2    | Received a gift from Trog
 17711 | Orc:2    | Found Zisat's Antique Armour Boutique.
 17712 | Orc:2    | Found Vaameidghi's Antique Weapon Boutique.
 17714 | Orc:2    | Found Juhogog's General Store.
 17714 | Orc:2    | Found Qufong's Jewellery Shop.
 18128 | D:12     | Found a frozen archway.
 18153 | IceCv    | Entered an ice cave
 18234 | IceCv    | Reached ****** piety under Trog
 18305 | IceCv    | Noticed a quicksilver ooze
 18309 | IceCv    | Killed a quicksilver ooze
 18406 | IceCv    | Noticed a quicksilver ooze
 18416 | IceCv    | HP: 4/126 [quicksilver ooze (10)]
 18418 | IceCv    | Drowned by a quicksilver ooze

Illustrated notes

Levels and vault maps discovered:
D:1:      lightli_arrival_windingriver, layout_loops_corners, minmay_vboxes
D:2:      layout_loops_ring
D:3:      minmay_chambers_of_threes, layout_loops_cross,
          uniq_crazy_yiuf_cottage, uniq_ijyb, uniq_terence
D:4:      layout_gridville, uniq_duvessa
D:5:      layout_basic, mainiacjoe_overflow_boulevard, nicolae_titane
D:6:      layout_rooms, cheibriados_altar_1, nicolae_overflow_two_pavilions,
          uniq_sigmund
D:7:      layout_basic, mainiacjoe_overflow_alcove_4, lemuel_doored_altar,
          mainiacjoe_overflow_big_doors, minmay_temple_entry_grid, serial_shops,
          shop, uniq_joseph, uniq_pikel
D:8:      layout_rooms, general_overflow_altar, okawaru_trees_1,
          nemelex_diamond_rough_becter
D:9:      layout_roguey, erik_lair_island, grunt_ministairs_13
D:10:     layout_basic, mainiacjoe_overflow_tiny_flanked, skrybe_limestone_x,
          minmay_misc_feat_plants, hangedman_decor_growths,
          eino_house_with_fridge
D:11:     layout_layer_cave, erik_orc_3, uniq_snorg, uniq_sonja
D:12:     layout_cross, portal_ice_cave_demonic_guard, corexii_checkpoint_a
Lair:1:   layout_long_grid, uniq_erica, uniq_amaemon
Lair:2:   layout_gridlike, palyth_hydra_swamp_entry,
          gammafunk_ghost_abyssal_escape, beast_lair_carwin_1,
          lemuel_fruit_fields
Lair:3:   layout_gridlike, nicolae_spider_entry_tight_spaces
Lair:4:   layout_hall_layers, nicolae_slime_entry_field_trip,
          grunt_megastairs_3, infiniplex_staircase_pool
Lair:5:   minmay_lair_end_enchanted_forest, layout_hall_layers,
          patterned_corridor
Orc:1:    layout_caves, serial_shops, shop_fountains, elf_legates, uniq_fannar,
          uniq_nergalle
Orc:2:    st_orc_congregation, layout_caves, serial_shops, shop
IceCv:    ice_cave_hellmonk_azure_passage

Skill      XL: |  1  2  3  4  5  6  7  8  9 10 11 12 13 14 |
---------------+-------------------------------------------+-----
Axes           | 4 5 6 8 9 11 13 15 16 17 | 17.6
Fighting       | 4 5 6 7 8 10 11 12 14 15 | 15.9
Armour         | 3 4 5 6 8 9 10 12 16 18 | 18.5
Dodging        | 3 4 5 6 7 8 10 11 | 11.0
Evocations     | 1 5 8 |  8.0

Action                     |  1- 3 |  4- 6 |  7- 9 | 10-12 | 13-15 || total
---------------------------+-------+-------+-------+-------+-------++-------
  Melee: Hand axe          |    69 |   115 |   243 |   541 |   676 ||  1644
         Headbutt          |    11 |    16 |    54 |   115 |   177 ||   373
         Punch             |       |       |     2 |     9 |    10 ||    21
         Demon whip        |       |       |       |    14 |    45 ||    59
         Executioner's axe |       |       |       |       |    68 ||    68
         War axe           |       |       |       |       |     6 ||     6
  Throw: Javelin           |     1 |       |       |       |     2 ||     3
         Dart              |       |       |       |    24 |    20 ||    44
         Boomerang         |       |       |       |     6 |     2 ||     8
 Invoke: Berserk           |       |     4 |     8 |    10 |     6 ||    28
         Trog's Hand       |       |       |     1 |     1 |     4 ||     6
  Evoke: Wand              |       |       |       |     9 |    11 ||    20
    Use: Scroll            |       |       |    18 |    10 |    13 ||    41
         Potion            |       |       |       |       |     3 ||     3
   Stab: Sleeping          |       |       |     1 |       |       ||     1
 Armour: Animal skin       |    10 |       |       |       |       ||    10
         Ring mail         |     3 |     4 |       |       |       ||     7
         Scale mail        |       |    17 |       |       |       ||    17
         Leather armour    |       |     7 |    79 |   132 |   128 ||   346
         Chain mail        |       |       |       |       |   179 ||   179
         Ice dragon scales |       |       |       |       |    37 ||    37
  Dodge: Dodged            |    53 |    82 |   153 |   298 |   451 ||  1037
